 Dungeon Crawl Stone Soup version 0.30.1-4-g462c640d31 (webtiles) character file.

Game seed: 4958647514120124904

57 Kurtz the Chopper (level 4, 0/28 HPs)
             Began as a Tengu Fighter on Sept 18, 2023.
             Succumbed to an adder's poison
             ... on level 2 of the Dungeon.
             The game lasted 00:00:41 (791 turns).

Kurtz the Chopper (Tengu Fighter)                    Turns: 791, Time: 00:00:41

Health: 0/28       AC:  6    Str: 19    XL:     4   Next: 0%
Magic:  5/5        EV:  9    Int:  8    God:
Gold:   46         SH:  4    Dex: 13    Spells: 3/3 levels left

rFire   . . .        a - +0 war axe
rCold   . . .        c - +0 buckler
rNeg    . . .        b - +0 scale mail
rPois   .            (helmet restricted)
rElec   .            (no cloak)
rCorr   .            (no gloves)
SInv    .            (boots unavailable)
Will    .....        (no amulet) Stlth
                     (no ring)
HPRegen 0.24/turn    (no ring)
MPRegen 0.09/turn

%: no passive effects
@: lethally poisoned (0 -> -1), on berserk cooldown, slowed, very slow
A: beak, talons 3
a: no special abilities


You were on level 2 of the Dungeon.
You visited 1 branch of the dungeon, and saw 2 of its levels.

You collected 46 gold pieces.

Inventory:

Hand Weapons
 a - a +0 war axe (weapon)
Armour
 b - a +0 scale mail (worn)
 c - a +0 buckler (worn)
Scrolls
 e - a scroll of identify {unknown}
 g - a scroll of vulnerability {unknown}
 h - a scroll of brand weapon {unknown}
Potions
 d - a potion of might
 f - a potion of berserk rage


   Skills:
 - Level 3.0 Fighting
 * Level 4.5 Axes
 - Level 3.2 Armour
 - Level 3.0 Shields


You had 3 spell levels left.
You didn't know any spells.
Your spell library contained the following spells:

 Spells                   Type           Power      Damage    Failure   Level
 Necrotise                Necr           0%         1d4       85%         1
 Sandblast                Erth           0%         2d4       85%         1
 Passwall                 Tmut/Erth      0%         N/A       94%         2
 Stone Arrow              Conj/Erth      0%         3d7       99%         3
 Vampiric Draining        Necr           0%         2d6       99%         3
 Agony                    Necr           0%         N/A       100%        5


Dungeon Overview and Level Annotations

Branches:
Dungeon (2/15)

Altars:


Innate Abilities, Weirdness & Mutations

You have a beak for a mouth.
You have claws for feet.


Message History

The adder poisons you! The kobold barely misses you.
The adder closely misses you.
You slash the kobold!
You kill the kobold!
You miss the adder.
You feel very sick. The adder bites you.
You are more poisoned.
The adder poisons you!
You miss the adder. Your kick misses the adder. Your peck misses the adder.
You feel very sick. The adder bites you.
* * * LOW HITPOINT WARNING * * *
The adder bites you.
* * * LOW HITPOINT WARNING * * *
You slash the adder!
You kill the adder!
* * * LOW HITPOINT WARNING * * *
You feel very sick.
You have reached level 4!
You feel stronger.
It was a potion of berserk rage.
A red film seems to cover your vision as you go berserk!
You feel yourself moving faster!
You feel mighty!
* * * LOW HITPOINT WARNING * * *
You feel sick.
Unknown command.
You feel a strong urge to attack something.
* * * LOW HITPOINT WARNING * * *
You feel sick.
You see here an adder corpse.
You feel your anger nearly subside.
* * * LOW HITPOINT WARNING * * *
You feel sick.
You are no longer berserk.
You are exhausted.
You feel yourself slow down.
* * * LOW HITPOINT WARNING * * *
You feel sick.
You die...

#####..#.......#.##.####
###...............#...
#...............).....
#......#####.....##.##
#.)†....####..........
#.................#...
#.....###...#.........
#.....# ###.##..#####.
#....@# #.##..#.....
#.....# #.....#.####
#.....# #####...#.# #
####### ..........# #
.######...#### #.......
# #.#..... #.#.#.#...
#..<#(#...


There were no monsters in sight!

Vanquished Creatures
  3 adders (D:2)
  2 dart slugs (D:1)
  2 endoplasms
  2 goblins
  2 hobgoblins
  A quokka (D:1)
  2 ball pythons (D:1)
  4 bats
  A frilled lizard (D:2)
  5 kobolds
  3 rats
27 creatures vanquished.

Notes
Turn   | Place    | Note
-------+----------+-------------------------------------------
     0 | D:1      | Kurtz the Tengu Fighter began the quest for the Orb.
     0 | D:1      | Reached XP level 1. HP: 14/14 MP: 2/2
   247 | D:1      | Reached skill level 3 in Axes
   247 | D:1      | Reached XP level 2. HP: 19/19 MP: 3/3
   580 | D:2      | Reached XP level 3. HP: 6/23 MP: 4/4
   673 | D:2      | Reached skill level 4 in Axes
   786 | D:2      | Reached XP level 4. HP: 3/28 MP: 5/5
   790 | D:2      | HP: 1/28 [poisoned by an adder]
   791 | D:2      | Succumbed to an adder's poison

Illustrated notes

Levels and vault maps discovered:
D:1:      elethiomel_arrival_maze, layout_basic, serial_aquarium,
          aquarium_bridge_long_joined [aquarium_subvault_wall,
          aquarium_subvault_wall, aquarium_subvault_window,
          aquarium_subvault_wall, aquarium_subvault_bridge,
          aquarium_subvault_wall], aquarium_window_1, aquarium_window_fake,
          aquarium_window_fake, aquarium_view_2g, aquarium_view_2d,
          aquarium_pool_2
D:2:      layout_basic

Skill      XL: |  1  2  3 |
---------------+----------+-----
Axes           | 3 4 |  4.5
Fighting       | |  3.0
Armour         | |  3.2
Shields        | |  3.0

Action                     |  1- 3 |  4- 6 || total
---------------------------+-------+-------++-------
  Melee: War axe           |    54 |       ||    54
         Peck              |     9 |       ||     9
         Kick              |    16 |       ||    16
    Use: Potion            |       |     1 ||     1
 Armour: Scale mail        |    27 |       ||    27
  Dodge: Dodged            |    20 |       ||    20
  Block: Buckler           |    12 |       ||    12
